 Dungeon Crawl Stone Soup version 0.19.0-2-gae57169 (webtiles) character file.

789 Chiseanne the Charlatan (level 7, -5/49 HPs)
             Began as a High Elf Artificer on Nov 6, 2016.
             Was an Initiate of Vehumet.
             Slain by an ogre
             ... wielding a +0 giant spiked club
              (26 damage)
             ... on level 4 of the Dungeon.
             The game lasted 00:12:29 (4803 turns).

Chiseanne the Charlatan (High Elf Artificer)        Turns: 4803, Time: 00:12:30

Health: -5/49      AC:  5    Str: 11    XL:     7   Next: 56%
Magic:  12/12      EV: 13    Int: 17    God:    Vehumet [......]
Gold:   121        SH:  0    Dex: 16    Spells: 0 memorised, 6 levels left

rFire  . . .     SeeInvis .     p - +0 dagger (venom)
rCold  + + .     Gourm    .     d - +0 ring mail
rNeg   . . .     Faith    .     (no shield)
rPois  .         Spirit   .     (no helmet)
rElec  .         Reflect  .     (no cloak)
rCorr  .         Harm     .     (no gloves)
MR     .....                    (no boots)
Stlth  +.........               (no amulet)
                                e - ring of protection from cold
                                o - ring of protection from cold

@: drained
A: no striking features
a: Renounce Religion


You were on level 4 of the Dungeon.
You worshipped Vehumet.
Vehumet was noncommittal.
You were not hungry.

You visited 1 branch of the dungeon, and saw 4 of its levels.

You collected 121 gold pieces.

Inventory:

Hand Weapons
 a - a +0 short sword
 p - a +0 dagger of venom (weapon)
Missiles
 h - 52 arrows
 q - 8 poisoned needles
 u - 72 stones (quivered)
Armour
 d - a +0 ring mail (worn)
Jewellery
 e - a ring of protection from cold (right hand)
 o - a ring of protection from cold (left hand)
Wands
 c - a wand of teleportation (3/9)
Scrolls
 l - a scroll of enchant armour
 m - 3 scrolls of amnesia
 n - 2 scrolls of remove curse
 w - a scroll of teleportation
Potions
 i - 6 potions of curing
 j - 4 potions of degeneration {unknown}
 k - 2 potions of cancellation {unknown}
 r - a potion of resistance {unknown}
 x - a potion of might
Comestibles
 b - 3 chunks of flesh
 f - 4 bread rations
 g - a beef jerky
 s - 2 slices of pizza
 t - 3 meat rations


   Skills:
 * Level 4.8(4.6) Fighting
 - Level 1.2(1.0) Short Blades
 * Level 1.7(1.5) Armour
 * Level 5.4(5.1) Dodging
 - Level 1.1(0.9) Stealth
 * Level 5.5(5.3) Evocations


You had 6 spell levels left.
You didn't know any spells.

Dungeon Overview and Level Annotations

Branches:
Dungeon (4/15)             Temple (0/1) D:4

Altars:
Makhleb
Okawaru
Trog
Vehumet


Message History

Aim: an ogre, wielding a giant spiked club (lightly wounded)
You throw a stone. The stone hits the ogre.
The ogre is moderately wounded.
Some of the chunks of flesh in your inventory have rotted away.
You barely miss the ogre.
The ogre is moderately wounded.
The ogre hits you with a giant spiked club!!
Ouch! That really hurt!
You hit the ogre.
The ogre is poisoned.
The ogre is moderately wounded.
The ogre hits you but does no damage.
You hit the ogre.
The ogre looks even sicker.
The ogre is moderately wounded.
You see here a leather armour.
You barely miss the ogre.
The ogre is almost dead.
The ogre looks more healthy.
The ogre hits you with a giant spiked club!!
Ouch! That really hurt!
You die...

##.## #.# #.# ##...## #.###.#
####### ##.....####..##.#
#≈≈≈≈≈# #...............#
#≈♣.♣≈### ##.....#####<####
#≈._..'.# ##...## #.#
#≈♣.♣≈#.######.## #.#
#≈≈≈≈≈#.........######.#######
#######.#####@O....[..........
#.## #......)##.....<.. #.#
#######.##.###..## #.#
##...#.###.... #.#
##.#<#.......## #.#
######.##.#...##### #.#
#...........#.# #.#
#>####.##.#...# #.# #.#
##.#.#.###


You could see an ogre.

Vanquished Creatures
  Grinder (D:4)
  Eustachio (D:4)
  An ogre (D:3)
  Blork the orc (D:4)
  A bullfrog (D:4)
  2 orc wizards (D:4)
  A hound skeleton (D:4)
  4 gnolls
  6 adders
  2 oozes
  3 dart slugs
  4 leopard geckos
  9 orcs
  2 ball pythons
  12 bats
  6 giant cockroaches
  5 goblins
  10 hobgoblins
  7 kobolds
  6 quokkas
  A frilled lizard (D:3)
  7 rats
92 creatures vanquished.

Vanquished Creatures (collateral kills)
  2 gnolls (D:2)
  A worm (D:2)
  A ball python (D:2)
  A goblin (D:2)
  A quokka (D:2)
6 creatures vanquished.

Vanquished Creatures (others)
  A gnoll (D:2)
  A hobgoblin (D:2)
  2 bats (D:3)
  A frilled lizard (D:2)
5 creatures vanquished.

Grand Total: 103 creatures vanquished

Notes
Turn   | Place    | Note
-------+----------+-------------------------------------------
     0 | D:1      | Chiseanne the High Elf Artificer began the quest for the Orb.
     0 | D:1      | Reached XP level 1. HP: 13/13 MP: 4/4
   125 | D:1      | Reached XP level 2. HP: 8/18 MP: 5/5
   989 | D:1      | Reached XP level 3. HP: 18/24 MP: 6/6
  2032 | D:2      | Reached XP level 4. HP: 29/30 MP: 7/7
  2404 | D:3      | Noticed an ogre
  2417 | D:3      | Reached XP level 5. HP: 36/36 MP: 7/9
  2523 | D:3      | Found a bloodstained altar of Trog.
  2523 | D:3      | Found a burning altar of Makhleb.
  2616 | D:3      | HP: 1/36 [gnoll/spear (4)]
  3440 | D:3      | Found an iron altar of Okawaru.
  3532 | D:4      | Noticed Grinder
  3546 | D:4      | Killed Grinder
  3546 | D:4      | Reached XP level 6. HP: 32/43 MP: 10/10
  3830 | D:4      | Reached skill level 5 in Evocations
  4052 | D:4      | Reached XP level 7. HP: 18/48 MP: 11/11
  4351 | D:4      | Found a radiant altar of Vehumet.
  4356 | D:4      | Became a worshipper of Vehumet
  4419 | D:4      | Noticed Eustachio
  4440 | D:4      | Killed Eustachio
  4440 | D:4      | Reached skill level 1 in Armour
  4440 | D:4      | Reached skill level 5 in Dodging
  4514 | D:4      | Found a staircase to the Ecumenical Temple.
  4554 | D:4      | Noticed Blork the orc
  4559 | D:4      | Killed Blork the orc
  4803 | D:4      | Slain by an ogre

Skill      XL: |  1  2  3  4  5  6  7 |
---------------+----------------------+-----
Fighting       | 2 3 4 |  4.8
Dodging        | 3 4 5 |  5.4
Evocations     | 4 5 |  5.5
Armour         | 1 |  1.7
Short Blades   | |  1.2
Stealth        | |  1.1

Action                   |  1- 3 |  4- 6 |  7- 9 || total
-------------------------+-------+-------+-------++-------
Melee: Short sword       |   128 |       |       ||   128
       Dagger            |    10 |   168 |    59 ||   237
       Unarmed           |       |       |     4 ||     4
Throw: Tomahawk          |       |       |     4 ||     4
       Stone             |       |       |     1 ||     1
Evoke: Wand              |    10 |    35 |       ||    45
  Use: Scroll            |     1 |     7 |     1 ||     9
       Potion            |     1 |       |       ||     1
 Stab: Sleeping          |     2 |     1 |       ||     3
       Paralysed         |       |     1 |       ||     1
  Eat: Chunk             |     4 |     6 |     3 ||    13
Armor: Leather armour    |    45 |    20 |       ||    65
       Ring mail         |       |    14 |    21 ||    35
Dodge: Dodged            |   112 |   128 |    30 ||   270
